 Dungeon Crawl Stone Soup version 0.20.1-1-g8b1a95d (webtiles) character file.

6425 Golfball the Fighter (level 10, -4/68 HPs)
             Began as a Gargoyle Fighter on Aug 10, 2017.
             Was a High Priest of Cheibriados.
             Slain by mole0619's ghost (9 damage)
             ... on level 10 of the Dungeon.
             The game lasted 00:29:58 (8797 turns).

Golfball the Fighter (Gargoyle Fighter)             Turns: 8797, Time: 00:29:59

Health: -4/68      AC: 19    Str: 36    XL:     10   Next: 98%
Magic:  13/16      EV:  6    Int: 20    God:    Cheibriados [*****.]
Gold:   314        SH: 12    Dex: 23    Spells: 9/9 levels left

rFire    . . .     SeeInvis .   a - +5 flail
rCold    . . .     Gourm    .   c - +0 shield
rNeg     + . .     Faith    .   s - +0 chain mail
rPois    ∞         Spirit   .   (no helmet)
rElec    +         Reflect  .   (no cloak)
rCorr    .         Harm     +   m - +0 pair of gloves
MR       +....                  g - +1 pair of boots
Stlth    ..........             e - amulet of harm
Regen    0.3/turn               C - ring of protection from magic
MPRegen  0.2/turn               E - ring of wizardry

@: mighty, very slow
A: negative energy resistance 1, electricity resistance, unbreathing,
petrification resistance, rot immunity, AC +7
a: Bend Time, Temporal Distortion, Slouch, Step From Time, Renounce Religion


You were on level 10 of the Dungeon.
You worshipped Cheibriados.
Cheibriados was extremely pleased with you.
You were hungry.

You visited 1 branch of the dungeon, and saw 10 of its levels.

You collected 447 gold pieces.
You spent 133 gold pieces at shops.

Inventory:

Hand Weapons
 a - a +5 flail (weapon)
 w - a +1 mace of draining
 I - the +5 hand axe of Kilauf {elec, Str+3}
   (You found it on level 6 of the Dungeon)

   Occasionally, upon striking a foe, it will discharge some electrical energy
   and cause terrible harm.
   It affects your strength (+3).
Missiles
 h - 19 poisoned needles
 H - 4 tomahawks of returning (quivered)
Armour
 b - the +2 robe "Nuonojes" {rF+++ rCorr MP-9}
   (You found it on level 6 of the Dungeon)

   It renders you almost immune to fire.
   It affects your magic capacity (-9).
   It protects you from acid and corrosion.
 c - a +0 shield (worn)
 g - a +1 pair of boots (worn)
 m - a +0 pair of gloves (worn)
 s - a +0 chain mail (worn)
Jewellery
 e - an amulet of harm (around neck)
 C - a ring of protection from magic (left hand)
 E - a ring of wizardry (right hand)
 L - an uncursed amulet of guardian spirit {unknown}
Scrolls
 i - a scroll of fog
 k - 4 scrolls of fear
 u - 4 scrolls of recharging
 x - a scroll of holy word
 y - a scroll of amnesia
 B - 5 scrolls of teleportation
 D - 2 scrolls of remove curse
Potions
 j - 2 potions of invisibility
 l - 2 potions of brilliance
 q - a potion of magic
 r - a potion of ambrosia
 v - 3 potions of lignification
 z - a potion of flight
 F - a potion of agility
 G - 2 potions of curing
 J - a potion of mutation {unknown}
 M - a potion of heal wounds {unknown}
Books
 t - a book of Battle

   Spells                             Type                      Level
   a - Infusion                       Charms                       1
   b - Shroud of Golubria             Charms/Translocation         2
   c - Song of Slaying                Charms                       2
   d - Spectral Weapon                Hexes/Charms                 3
   e - Regeneration                   Charms/Necromancy            3
 A - a book of Changes

   Spells                             Type                      Level
   a - Beastly Appendage              Transmutation                1
   b - Sticks to Snakes               Transmutation                2
   c - Spider Form                    Transmutation/Poison         3
   d - Ice Form                       Ice/Transmutation            4
   e - Blade Hands                    Transmutation                5
Comestibles
 f - 7 bread rations
 n - 6 fruits
 o - 4 royal jellies
 p - 5 meat rations
 K - a chunk of flesh


   Skills:
 + Level 10.7 Fighting
 + Level 9.3 Maces & Flails
 + Level 4.2 Throwing
 - Level 3.2 Armour
 - Level 3.2 Shields
 + Level 9.2 Invocations


You had 9 spell levels left.
You didn't know any spells.

Dungeon Overview and Level Annotations

Branches:
Dungeon (10/15)            Temple (0/1) D:5             Orc (0/2) D:9
   Lair: D:8-11

Altars:
Cheibriados
Fedhas
Gozag
Kikubaaqudgha
Makhleb
Okawaru
The Shining One

Shops:
D:4 ?   D:6 :   D:8 :

Annotations:
D:10 mole0619's ghost, novice MfSu


Innate Abilities, Weirdness & Mutations

You are resistant to torment.
Your stone body is resilient. (AC +7)
You are immune to poison.
You resist negative energy. (rN+)
You are resistant to electric shocks. (rElec)
You can survive without breathing.
You are immune to petrification.
You are immune to rotting.


Message History

Mole0619's ghost hits you.
* * * LOW HITPOINT WARNING * * *
The ice beast hits you but does no damage.
You closely miss mole0619's ghost.
Mole0619's ghost is heavily damaged.
Mole0619's ghost casts a spell.
You block the ice beast's attack.
You sock the ice beast!
You kill the ice beast!
Mole0619's ghost hits you but does no damage.
Your chain mail prevents you from hitting mole0619's ghost.
Mole0619's ghost is heavily damaged.
Mole0619's ghost casts a spell.
Your shield and chain mail prevent you from hitting mole0619's ghost.
Mole0619's ghost is heavily damaged.
You block mole0619's ghost's attack.
You miss mole0619's ghost.
Mole0619's ghost is heavily damaged.
Mole0619's ghost hits you!
You die...

###.....##....##(#
#...#..##..###...#
.#####.....#
###.## ## #.###.#
##†.# .o #.#
#..###...## ...
#[#
#.......)(###....
#.#
#....####........
# #.. #..##
###)....... # #..
.. #@WY....... [#
#..
.......)Y.!.....#
..#
...|...........##
....
...###.....####..
.... .. ##...)# #.
..). ##[.## ....
###.#


You could see 2 ice beasts and mole0619's ghost.

Vanquished Creatures
  Harold (D:10)
  A two-headed ogre (D:8)
  Pikel (D:6)
  A troll (D:9)
  Prince Ribbit (D:7)
  A hornet (D:7)
  Sigmund (D:4)
  4 yaks (D:9)
  A steam dragon (D:8)
  A water moccasin (D:7)
  An orc warrior (D:10)
  2 ice beasts
  A black bear (D:10)
  2 centaurs
  4 ogres
  8 bullfrogs
  6 scorpions
  3 killer bees (D:7)
  5 wights (D:8)
  4 crimson imps
  3 orc priests
  6 hounds
  10 orc wizards
  A centaur skeleton (D:7)
  An iguana (D:4)
  4 worker ants
  A hound skeleton (D:8)
  A worker ant zombie (D:6)
  3 gnolls (D:6)
  A howler monkey skeleton (D:4)
  10 adders
  An ooze (D:2)
  An adder skeleton (D:4)
  4 worms
  A dart slug (D:1)
  5 leopard geckos
  41 orcs
  4 giant cockroaches
  9 goblins
  9 hobgoblins
  2 jackals (D:1)
  5 kobolds
  3 quokkas (D:7)
  3 ball pythons
  6 bats
  4 frilled lizards
  3 jackal skeletons
  A leopard gecko skeleton (D:6)
  A quokka skeleton (D:4)
  10 rats
203 creatures vanquished.

Vanquished Creatures (others)
  A slave (D:6)
  A bullfrog zombie (D:6)
2 creatures vanquished.

Grand Total: 205 creatures vanquished

Notes
Turn   | Place    | Note
-------+----------+-------------------------------------------
     0 | D:1      | Golfball the Gargoyle Fighter began the quest for the Orb.
     0 | D:1      | Reached XP level 1. HP: 14/14 MP: 1/1
   374 | D:1      | Reached XP level 2. HP: 19/19 MP: 2/2
   620 | D:1      | Reached skill level 4 in Fighting
   669 | D:1      | Reached XP level 3. HP: 24/24 MP: 3/3
  1170 | D:2      | Reached XP level 4. HP: 27/30 MP: 4/4
  1298 | D:2      | Found a burning altar of Makhleb.
  1301 | D:2      | Found a blossoming altar of Fedhas.
  1319 | D:2      | Found a glowing golden altar of the Shining One.
  1480 | D:2      | Found a faded altar of an unknown god.
  1491 | D:2      | Became a worshipper of Cheibriados the Contemplative
  1491 | D:2      | Reached * piety under Cheibriados
  1722 | D:3      | Reached skill level 5 in Fighting
  1722 | D:3      | Reached XP level 5. HP: 35/35 MP: 1/5
  2276 | D:4      | Reached skill level 1 in Invocations
  2466 | D:4      | Noticed Sigmund
  2499 | D:4      | Killed Sigmund
  2499 | D:4      | Reached XP level 6. HP: 9/41 MP: 3/7
  2799 | D:4      | Reached skill level 6 in Fighting
  2799 | D:4      | Reached XP level 7. HP: 12/46 MP: 5/9
  3068 | D:4      | Reached skill level 5 in Maces & Flails
  3080 | D:4      | Found an ancient bone altar of Kikubaaqudgha.
  3088 | D:4      | Reached ** piety under Cheibriados
  3382 | D:4      | Found Afys's Magic Scroll Emporium.
  3414 | D:4      | Bought a scroll of holy word for 105 gold pieces
  3414 | D:4      | Bought a scroll of identify for 28 gold pieces
  3640 | D:5      | Entered Level 5 of the Dungeon
  3645 | D:5      | Found a staircase to the Ecumenical Temple.
  3648 | D:5      | Reached XP level 8. HP: 23/52 MP: 11/11
  3940 | D:5      | Reached skill level 7 in Fighting
  4167 | D:5      | Reached skill level 5 in Invocations
  4269 | D:5      | Reached *** piety under Cheibriados
  4366 | D:5      | Found an opulent altar of Gozag.
  4756 | D:6      | Noticed Pikel
  4767 | D:6      | Killed Pikel
  4767 | D:6      | Reached skill level 8 in Fighting
  4767 | D:6      | Reached XP level 9. HP: 47/60 MP: 13/13
  4841 | D:6      | Found Buoluw's Book Shop.
  4873 | D:6      | Got a thick robe
  4884 | D:6      | Identified the +2 robe "Nuonojes" {rF+++ rCorr MP-9} (You found it on level 6 of the Dungeon)
  5238 | D:6      | Got a slimy hand axe
  5239 | D:6      | Identified the +5 hand axe of Kilauf {elec, Str+3} (You found it on level 6 of the Dungeon)
  5579 | D:7      | Reached **** piety under Cheibriados
  5680 | D:7      | Reached skill level 9 in Fighting
  5962 | D:7      | Noticed Prince Ribbit
  5995 | D:7      | Killed Prince Ribbit
  6481 | D:7      | Noticed a hornet
  6484 | D:7      | Killed a hornet
  6911 | D:8      | Found Lewaekh's Book Emporium.
  6953 | D:8      | Noticed a two-headed ogre
  6957 | D:8      | Killed a two-headed ogre
  6957 | D:8      | Reached XP level 10. HP: 17/68 MP: 11/16
  7342 | D:8      | Found an iron altar of Okawaru.
  7398 | D:8      | Reached skill level 10 in Fighting
  8543 | D:9      | Reached ***** piety under Cheibriados
  8626 | D:9      | Found a staircase to the Orcish Mines.
  8692 | D:10     | Entered Level 10 of the Dungeon
  8736 | D:10     | Noticed Harold
  8752 | D:10     | Killed Harold
  8772 | D:10     | Noticed mole0619's ghost (novice MfSu)
  8792 | D:10     | HP: 3/68 [mole0619's ghost (7)]
  8797 | D:10     | Slain by mole0619's ghost

Skill      XL: |  1  2  3  4  5  6  7  8  9 10 |
---------------+-------------------------------+-----
Fighting       | 4 5 6 8 9 10 | 10.7
Maces & Flails | 3 4 5 7 8 9 |  9.3
Invocations    | 2 4 6 8 9 |  9.2
Throwing       | 2 4 |  4.2
Armour         | |  3.2
Shields        | |  3.2

Action                   |  1- 3 |  4- 6 |  7- 9 | 10-12 || total
-------------------------+-------+-------+-------+-------++-------
Melee: Flail             |   124 |   128 |   312 |   132 ||   696
Invok: Bend Time         |       |     4 |     2 |       ||     6
       Slouch            |       |       |       |     1 ||     1
  Use: Scroll            |     7 |    10 |    10 |     1 ||    28
       Potion            |       |       |       |     1 ||     1
  Eat: Chunk             |     1 |     3 |     7 |     3 ||    14
Armor: Scale mail        |    50 |    22 |       |       ||    72
       Chain mail        |       |    53 |   215 |    76 ||   344
Dodge: Dodged            |    43 |    37 |    70 |    25 ||   175
Block: Shield            |    54 |    65 |   183 |    85 ||   387
